 Dungeon Sprint DCSS version 0.30-a0-721-ga6a225cb13 (webtiles) character file.

Game seed: 6956275363387100835

4484 theswoord the Warrior (level 10, -5/100 HPs)
             Began as a Demonspawn Gladiator on Jan 27, 2023.
             Was a Priest of Uskayaw.
             Slain by a catoblepas (17 damage)
             ... in the Dungeon (Sprint IX: "|||||||||||||||||||||||||||||").
             The game lasted 00:04:12 (805 turns).

theswoord the Warrior (Demonspawn Gladiator)         Turns: 805, Time: 00:04:13

Health: -5/100     AC:  9    Str: 19    XL:     10   Next: 16%
Magic:  0/10       EV: 12    Int:  9    God:    Uskayaw [***...]
Gold:   12         SH:  0    Dex: 18    Spells: 9/9 levels left

rFire   . . .      SeeInvis .    t - +4 quarterstaff (speed)
rCold   . . .      Faith    .    (shield currently unavailable)
rNeg    . . .      Spirit   +    d - +0 troll leather armour
rPois   .          Reflect  .    c - +0 helmet
rElec   .          Harm     .    (no cloak)
rCorr   .          Rampage  .    (no gloves)
Will    .....      NoTele   +    p - +0 pair of boots
Stlth   +                        (no amulet)
HPRegen 1.16/turn                q - +3 ring of strength
MPRegen 0.24/turn                r - +2 ring of protection

@: no status effects
A: claws 1, ignite blood 1, magic shield, magic regeneration, sharp scales 1
a: Renounce Religion, Stomp, Line Pass


You were in the Dungeon.
You worshipped Uskayaw.
Uskayaw was noncommittal.
You visited 1 branch You collected 12 gold pieces.

Inventory:

Hand Weapons
 a - a +0 quarterstaff
 t - a +4 quarterstaff of speed (weapon)
Missiles
 e - a javelin (quivered)
 l - 2 throwing nets
Armour
 b - a +0 leather armour
 c - a +0 helmet (worn)
 d - a +0 troll leather armour (worn)
 o - a +0 pair of boots
 p - a +0 pair of boots (worn)
 s - a +2 ring mail
Jewellery
 q - a +3 ring of strength (left claw)
 r - a +2 ring of protection (right claw)
Wands
 n - a wand of roots (10)
Scrolls
 j - 5 scrolls of enchant armour
 m - 2 scrolls of amnesia
 u - a scroll of fear
 v - a scroll of identify
Potions
 f - 6 potions of curing
 g - 5 potions of heal wounds
 h - 2 potions of brilliance
 i - 4 potions of magic


   Skills:
 + Level 16.9 Fighting
 + Level 15.7 Staves
 - Level 1.7 Throwing
 - Level 2.6 Dodging


You had 9 spell levels left.
You didn't know any spells.
Your spell library was empty.

Dungeon Overview and Level Annotations

Branches:
Dungeon (1/1)

Altars:
Cheibriados
Dithmenos
Fedhas
Gozag
Hepliaklqana
Kikubaaqudgha
Makhleb
Nemelex Xobeh
Okawaru
Qazlal
Ru
Sif Muna
Trog
Uskayaw
Vehumet
Wu Jian
Xom
Yredelemnul
Jiyva
Lugonu


Innate Abilities, Weirdness & Mutations

You have sharp fingernails.
Your demonic aura sometimes causes spilled blood to erupt in flames.
When hurt, damage is shared between your health and your magic reserves.
You regenerate magic rapidly.
You are partially covered in razor-sharp scales. (AC +1, Slay +1)


Message History

The bullfrog hits you but does no damage.
The catoblepas gores you!
* * * LOW HITPOINT WARNING * * *
The bullfrog hits you but does no damage.
The catoblepas gores you!
* * * LOW HITPOINT WARNING * * *
The bullfrog hits you but does no damage.
The bullfrog swells and bulges.
The bullfrog hits you but does no damage.
The catoblepas gores you!!
* * * LOW HITPOINT WARNING * * *
The bullfrog hits you.
* * * LOW HITPOINT WARNING * * *
The catoblepas breathes a plume of calcifying dust at you.
The blast of calcifying dust hits you.
* * * LOW HITPOINT WARNING * * *
The blast of calcifying dust hits the bullfrog.
The blast of calcifying dust hits the water moccasin.
The water moccasin is engulfed in calcifying dust.
The water moccasin is moving more slowly.
The bullfrog is engulfed in calcifying dust.
The bullfrog is moving more slowly.
The bullfrog barely misses you.
You hear a howl!
You turn to flesh and can move again.
Uskayaw will no longer force your foes to share their pain.
Unknown command.
Unknown command.
Blink to where?
As you read the scroll of blinking, it crumbles to dust.
The bullfrog is engulfed in calcifying dust.
The bullfrog stops moving altogether!
The catoblepas gores you but does no damage.
The bullfrog is engulfed in calcifying dust.
You hit the catoblepas but do no damage.
You hit the catoblepas.
The bullfrog is engulfed in calcifying dust.
You completely miss the catoblepas.
The bullfrog is engulfed in calcifying dust.
The catoblepas gores you!!
You die...

▓▓▓▓▓▓▓▓▓▓▓▓▓▓▓▓▓▓▓▓▓▓▓▓▓▓
..'...........†.@Y§FSh....
▓▓▓▓▓▓▓▓▓▓▓▓▓▓▓▓▓▓▓▓▓▓▓▓▓▓▓▓▓▓▓▓▓
.................................
▓▓▓▓▓▓▓▓▓▓▓▓▓▓▓▓▓▓▓▓▓▓▓▓▓▓▓▓▓▓▓▓▓
.....).....'_____________________
▓▓▓▓▓▓▓▓▓▓▓▓▓▓▓▓▓▓▓▓▓▓▓▓▓▓▓▓▓▓▓▓▓


You could see a catoblepas and a bullfrog (petrified, poisoned).

Vanquished Creatures
  A boulder beetle (D)
  A tengu warrior (D)
  Sonja (D)
  An ugly thing (D)
  A komodo dragon (D)
  A polar bear (D)
  2 trolls (D)
  A slime creature (D)
  A yak (D)
  A wraith (D)
  A wyvern (D)
  A water moccasin (D)
  A black bear (D)
  An orc warrior (D)
  An ogre (D)
  A kobold brigand (D)
  A gnoll bouda (D)
  An adder (D)
  A worm (D)
  2 orcs (D)
  A bat (D)
  An endoplasm (D)
  A goblin (D)
  A hobgoblin (D)
  A ball python (D)
27 creatures vanquished.

Vanquished Creatures (others)
  A two-headed ogre (D)
1 creature vanquished.

Grand Total: 28 creatures vanquished

Notes
Turn   | Place    | Note
-------+----------+-------------------------------------------
     0 | D        | theswoord the Demonspawn Gladiator began the quest for the
                  | Orb.
     0 | D        | Reached XP level 1. HP: 16/16 MP: 1/1
    11 | D        | Reached skill level 3 in Fighting
    19 | D        | Noticed an ogre
    27 | D        | Killed an ogre
    28 | D        | Reached skill level 6 in Fighting
    28 | D        | Gained mutation: You regenerate magic rapidly. [demonic
                  | ancestry]
    28 | D        | Reached XP level 2. HP: 28/28 MP: 2/2
    28 | D        | Reached XP level 3. HP: 34/34 MP: 3/3
    28 | D        | Reached XP level 4. HP: 40/40 MP: 4/4
    79 | D        | Found a snail-covered altar of Cheibriados.
    79 | D        | Found a shadowy altar of Dithmenos.
    79 | D        | Found a blossoming altar of Fedhas.
    79 | D        | Found an opulent altar of Gozag.
    80 | D        | Found a hazy altar of Hepliaklqana.
    81 | D        | Found a viscous altar of Jiyva.
    82 | D        | Found an ancient bone altar of Kikubaaqudgha.
    83 | D        | Found a corrupted altar of Lugonu.
    84 | D        | Found a burning altar of Makhleb.
    85 | D        | Found a sparkling altar of Nemelex Xobeh.
    86 | D        | Found an iron altar of Okawaru.
    87 | D        | Found a stormy altar of Qazlal.
    88 | D        | Found a sacrificial altar of Ru.
    89 | D        | Found a shimmering blue altar of Sif Muna.
    90 | D        | Found a bloodstained altar of Trog.
    91 | D        | Found a hide-covered altar of Uskayaw.
    92 | D        | Found a radiant altar of Vehumet.
    93 | D        | Found an ornate altar of the Wu Jian Council.
    94 | D        | Found a shimmering altar of Xom.
    95 | D        | Found a basalt altar of Yredelemnul.
   119 | D        | Became a worshipper of Uskayaw the Reveller
   178 | D        | Noticed a two-headed ogre
   178 | D        | Noticed an orc warrior
   178 | D        | Noticed a kobold brigand
   178 | D        | Noticed a yak
   178 | D        | Noticed a wyvern
   182 | D        | Reached * piety under Uskayaw
   184 | D        | Reached ** piety under Uskayaw
   188 | D        | Killed a two-headed ogre
   189 | D        | Reached skill level 10 in Fighting
   189 | D        | Reached skill level 10 in Staves
   189 | D        | Reached XP level 5. HP: 16/54 MP: 5/5
   189 | D        | Reached XP level 6. HP: 19/61 MP: 6/6
   189 | D        | Gained mutation: You are partially covered in razor-sharp
                  | scales. (AC +1, Slay +1) [demonic ancestry]
   189 | D        | Reached XP level 7. HP: 20/67 MP: 7/7
   194 | D        | Reached *** piety under Uskayaw
   195 | D        | Reached skill level 11 in Fighting
   196 | D        | Reached **** piety under Uskayaw
   199 | D        | Killed a yak
   199 | D        | Reached ***** piety under Uskayaw
   200 | D        | Reached skill level 12 in Fighting
   201 | D        | Killed a wyvern
   204 | D        | Gained mutation: You have sharp fingernails. [demonic
                  | ancestry]
   204 | D        | Reached XP level 8. HP: 45/78 MP: 8/8
   343 | D        | Noticed a white ugly thing
   343 | D        | Noticed a troll
   343 | D        | Noticed a slime creature
   343 | D        | Noticed a tengu warrior
   343 | D        | Noticed a troll
   351 | D        | Killed a white ugly thing
   352 | D        | Reached skill level 13 in Fighting
   354 | D        | Killed a troll
   360 | D        | Killed a slime creature
   361 | D        | Reached skill level 14 in Fighting
   367 | D        | Reached ****** piety under Uskayaw
   370 | D        | Killed a tengu warrior
   371 | D        | Gained mutation: When hurt, damage is shared between your
                  | health and your magic reserves. [demonic ancestry]
   371 | D        | Reached XP level 9. HP: 27/88 MP: 9/9
   378 | D        | Reached skill level 15 in Fighting
   386 | D        | Killed a troll
   615 | D        | Noticed Sonja
   620 | D        | Killed Sonja
   763 | D        | Noticed a boulder beetle
   763 | D        | Noticed a polar bear
   763 | D        | Noticed a komodo dragon
   763 | D        | Noticed a catoblepas
   776 | D        | Reached skill level 16 in Fighting
   782 | D        | Killed a boulder beetle
   783 | D        | Reached skill level 15 in Staves
   783 | D        | Gained mutation: Your demonic aura sometimes causes spilled
                  | blood to erupt in flames. [demonic ancestry]
   783 | D        | Reached XP level 10. HP: 47/99 MP: 7/10
   805 | D        | Slain by a catoblepas

Skill      XL: |  1  2  3  4  5  6  7  8  9 |
---------------+----------------------------+-----
Staves         | 6 10 11 13 15 | 15.7
Fighting       | 6 10 12 14 16 | 16.9
Throwing       | |  1.7
Dodging        | |  2.6

Action                     |  1- 3 |  4- 6 |  7- 9 | 10-12 || total
---------------------------+-------+-------+-------+-------++-------
  Melee: Quarterstaff      |    15 |    23 |    61 |    10 ||   109
  Throw: Throwing net      |     2 |     2 |       |       ||     4
 Invoke: Line Pass         |       |       |       |     1 ||     1
    Use: Potion            |       |     1 |     5 |       ||     6
         Scroll            |       |       |     2 |     1 ||     3
   Stab: Held in net/web   |     1 |       |       |       ||     1
         Paralysed         |       |       |     6 |       ||     6
         Invisible         |       |       |     2 |       ||     2
         Confused          |       |       |       |     1 ||     1
 Armour: Leather armour    |     3 |     2 |       |       ||     5
         Ring mail         |       |     2 |     8 |       ||    10
         Troll leather arm |       |       |     3 |     8 ||    11
  Dodge: Dodged            |     6 |     6 |    13 |     2 ||    27

Levels and vault maps discovered:
D:        linesprint [early_d, line_temple, items_1, d_10, items_2, lair_1,
          lair_end, items_3, orc_1, orc_end, items_4, d_15, swamp_1, shoals_1,
          snake_1, spider_1, d_20, vaults_1, items_5, swamp_end, shoals_end,
          snake_end, spider_end, vaults_end, d_27, items_6, zot_1, zot_end,
          crypt_end, forest_end, elf_end, slime_end, tomb_end, abyss_end,
          pan_hell_end]
